[Event "Vienna Championship-C 2022"]
[Site "Vienna"]
[Date "2022.09.17"]
[Round "1.1"]
[White "Geyer, Guenter"]
[Black "Pavlov, Julian"]
[Result "1-0"]
[ECO "A03"]
[WhiteElo "1855"]
[BlackElo "1306"]
[Annotator "NA COMBH"]
[PlyCount "43"]
[EventDate "2022.09.17"]
[EventType "swiss"]
[EventCountry "AUT"]
[SourceTitle "playchess.com"]
[Source "ChessBase"]
[SourceQuality "1"]
[TimeControl "5400+30"]

1. f4 d5 2. Nf3 Nf6 3. e3 e6 4. b3 Be7 5. Bb2 O-O 6. Be2 Ne4 7. O-O Bf6 8. Ne5 Nd7 9. d3 Bxe5 10. fxe5 Nec5 11. Ba3 Re8 12. b4 Na6 13. d4 c6 14. Nc3 b5 15. Bd3 Qg5 16. Rf3 Nb6 17. Rg3 Qh4 18. Rh3 Qg5 19. Bxh7+ Kf8 20. Bc1 g6 21. e4 Qe7 22. Bh6# 1-0

[Event "Vienna Championship-C 2022"]
[Site "Vienna"]
[Date "2022.09.17"]
[Round "1.2"]
[White "Johnson, Roland E S"]
[Black "Mair, Josef"]
[Result "1/2-1/2"]
[ECO "B01"]
[WhiteElo "1691"]
[BlackElo "1620"]
[Annotator "NA COMBH"]
[PlyCount "34"]
[EventDate "2022.09.17"]
[EventType "swiss"]
[EventCountry "AUT"]
[SourceTitle "playchess.com"]
[Source "ChessBase"]
[SourceQuality "1"]
[TimeControl "5400+30"]

1. e4 d5 2. exd5 Nf6 3. c4 c6 4. dxc6 Nxc6 5. Nf3 e5 6. d3 Bc5 7. Be2 Bf5 8. a3 O-O 9. O-O Re8 10. Nc3 Qc7 11. Bg5 Rad8 12. Nd5 Qd6 13. Nh4 Bg6 14. Nxg6 hxg6 15. Qd2 Rd7 16. Nxf6+ gxf6 17. Be3 Nd4 1/2-1/2

[Event "Vienna Championship-C 2022"]
[Site "Vienna"]
[Date "2022.09.17"]
[Round "1.3"]
[White "Eichhorn, Elisabeth"]
[Black "Gerold, Arnold"]
[Result "1/2-1/2"]
[ECO "D00"]
[WhiteElo "1306"]
[BlackElo "1708"]
[Annotator "NA COMBH"]
[PlyCount "61"]
[EventDate "2022.09.17"]
[EventType "swiss"]
[EventCountry "AUT"]
[SourceTitle "playchess.com"]
[Source "ChessBase"]
[SourceQuality "1"]
[TimeControl "5400+30"]

1. d4 Nf6 2. Nc3 d5 3. Bf4 c6 4. Nf3 Bg4 5. e3 e6 6. Be2 Bd6 7. Bg3 Bxg3 8. hxg3 Nbd7 9. Nb1 Qb6 10. Qc1 h6 11. Nbd2 Qc7 12. Bd3 O-O-O 13. c3 e5 14. dxe5 Nxe5 15. Qc2 Nxd3+ 16. Qxd3 Kb8 17. O-O-O Rhe8 18. Rde1 Ne4 19. Rhf1 Qa5 20. a3 Bf5 21. Qd4 Nc5 22. Qf4+ Ka8 23. Qxf5 Qb5 24. Kc2 g6 25. Qg4 Qd3+ 26. Kc1 Re4 27. Qh3 Qb5 28. Rd1 Na4 29. b3 Nxc3 30. Nxe4 Qxb3 31. Nxc3 1/2-1/2

[Event "Vienna Championship-C 2022"]
[Site "Vienna"]
[Date "2022.09.17"]
[Round "1.5"]
[White "Unger, Alexander"]
[Black "Giefing, Josef"]
[Result "0-1"]
[ECO "B06"]
[WhiteElo "1456"]
[BlackElo "1771"]
[Annotator "NA COMBH"]
[PlyCount "120"]
[EventDate "2022.09.17"]
[EventType "swiss"]
[EventCountry "AUT"]
[SourceTitle "playchess.com"]
[Source "ChessBase"]
[SourceQuality "1"]
[TimeControl "5400+30"]

1. e4 g6 2. d4 Bg7 3. Nf3 d6 4. Nc3 Nc6 5. Bf4 Bg4 6. Bb5 Bd7 7. Qd2 a6 8. Ba4 Nf6 9. h3 O-O 10. O-O b5 11. Bb3 b4 12. Nd5 Nxe4 13. Qe1 Nf6 14. Nxf6+ exf6 15. d5 Ne5 16. Bxe5 fxe5 17. Qxb4 a5 18. Qd2 Bb5 19. c4 Bd7 20. Rfc1 f5 21. c5 Qf6 22. Rab1 a4 23. Bd1 e4 24. Nh2 h5 25. cxd6 cxd6 26. Rc7 Rf7 27. b4 Bb5 28. Rxf7 Qxf7 29. Rc1 Bd3 30. Nf1 Qxd5 31. Ne3 Qb5 32. Bc2 Rc8 33. Bb3+ axb3 34. Rxc8+ Kh7 35. axb3 Qa6 36. Qc1 Qb5 37. Qd2 f4 38. Nc2 Qd7 39. Ra8 f3 40. Ne1 fxg2 41. Kxg2 Qb7 42. Kg1 Qxa8 43. Nxd3 exd3 44. Qxd3 Qa1+ 45. Kg2 Qd4 46. Qxd4 Bxd4 47. Kf3 Kg7 48. Ke4 Bxf2 49. Kd5 Kf6 50. b5 g5 51. b4 Kf5 52. Kc6 g4 53. hxg4+ hxg4 54. b6 Bxb6 55. Kxb6 g3 56. Kc6 g2 57. Kxd6 g1=Q 58. Kc6 Qa7 59. b5 Ke6 60. b6 Qb8 0-1

[Event "Vienna Championship-C 2022"]
[Site "Vienna"]
[Date "2022.09.17"]
[Round "1.6"]
[White "Brunner, Felix"]
[Black "Niesswohl, Werner"]
[Result "1-0"]
[ECO "C54"]
[WhiteElo "1541"]
[BlackElo "1473"]
[Annotator "NA COMBH"]
[PlyCount "57"]
[EventDate "2022.09.17"]
[EventType "swiss"]
[EventCountry "AUT"]
[SourceTitle "playchess.com"]
[Source "ChessBase"]
[SourceQuality "1"]
[TimeControl "5400+30"]

1. e4 e5 2. Nf3 Nc6 3. Bc4 Bc5 4. c3 Nf6 5. d3 a6 6. O-O d6 7. a4 O-O 8. Re1 Bd7 9. h3 b5 10. axb5 axb5 11. Rxa8 Qxa8 12. Bxb5 Qb7 13. Bc4 Qb6 14. Re2 h6 15. Nbd2 Nh5 16. Nf1 Nf4 17. Bxf4 exf4 18. b4 Bxf2+ 19. Rxf2 Ne5 20. Nxe5 dxe5 21. Qh5 Qf6 22. Ne3 Qb6 23. Nd5 Qd6 24. b5 Kh7 25. Ra2 Bxb5 26. Bxb5 Qc5+ 27. Kh2 Qxb5 28. Qxe5 f3 29. Nf6+ 1-0

[Event "Vienna Championship-C 2022"]
[Site "Vienna"]
[Date "2022.09.17"]
[Round "1.7"]
[White "Zikic, Goran"]
[Black "Brueggeboes, Anton"]
[Result "0-1"]
[ECO "B33"]
[WhiteElo "1340"]
[BlackElo "1506"]
[Annotator "NA COMBH"]
[PlyCount "62"]
[EventDate "2022.09.17"]
[EventType "swiss"]
[EventCountry "AUT"]
[SourceTitle "playchess.com"]
[Source "ChessBase"]
[SourceQuality "1"]
[TimeControl "5400+30"]

1. e4 c5 2. Nf3 Nc6 3. d4 cxd4 4. Nxd4 e5 5. Nxc6 bxc6 6. Nc3 Nf6 7. Bg5 Be7 8. Bxf6 Bxf6 9. Bc4 O-O 10. O-O Qc7 11. Re1 d6 12. Qd2 Be6 13. Bxe6 fxe6 14. Qe3 d5 15. Qh3 Qf7 16. Na4 Rae8 17. Nc5 Bd8 18. Nd3 Bc7 19. Re3 Qe7 20. Qh5 g6 21. Rg3 dxe4 22. Nxe5 Qg7 23. Nxg6 Bxg3 24. Nxf8 Bxf2+ 25. Kxf2 Rxf8+ 26. Ke2 Qxg2+ 27. Ke3 Rf3+ 28. Kd4 Qd2+ 29. Kc4 Qxc2+ 30. Kb4 Qxb2+ 31. Kc5 Qb5+ 0-1

[Event "Vienna Championship-C 2022"]
[Site "Vienna"]
[Date "2022.09.17"]
[Round "1.9"]
[White "Gockner, Hans"]
[Black "Lappe, Manfred"]
[Result "0-1"]
[ECO "C21"]
[WhiteElo "1592"]
[BlackElo "1692"]
[Annotator "NA COMBH"]
[PlyCount "68"]
[EventDate "2022.09.17"]
[EventType "swiss"]
[EventCountry "AUT"]
[SourceTitle "playchess.com"]
[Source "ChessBase"]
[SourceQuality "1"]
[TimeControl "5400+30"]

1. e4 e5 2. d4 exd4 3. c3 d5 4. cxd4 dxe4 5. Bc4 Nc6 6. Ne2 Bd6 7. Qb3 Qf6 8. Be3 Nge7 9. Nbc3 Qg6 10. Ng3 Bxg3 11. fxg3 O-O 12. O-O Na5 13. Qb5 Nxc4 14. Qxc4 c6 15. Rf4 Be6 16. Qe2 Nd5 17. Nxd5 cxd5 18. g4 f5 19. g5 Rac8 20. h4 Rc7 21. Raf1 Rfc8 22. Qf2 Rc2 23. Qg3 Rxb2 24. h5 Qxh5 25. Rh4 Qg6 26. Bf4 Rcc2 27. Bd2 Qf7 28. Qh2 Rxd2 29. Qb8+ Qf8 30. Qxf8+ Kxf8 31. Rh2 Kg8 32. Rc1 Rxa2 33. Kf1 f4 34. g6 hxg6 0-1

[Event "Vienna Championship-C 2022"]
[Site "Vienna"]
[Date "2022.09.17"]
[Round "1.10"]
[White "Schreib, Christian"]
[Black "Aichinger, Johannes"]
[Result "1-0"]
[ECO "C50"]
[WhiteElo "1589"]
[BlackElo "1169"]
[Annotator "NA COMBH"]
[PlyCount "63"]
[EventDate "2022.09.17"]
[EventType "swiss"]
[EventCountry "AUT"]
[SourceTitle "playchess.com"]
[Source "ChessBase"]
[SourceQuality "1"]
[TimeControl "5400+30"]

1. e4 e5 2. Nf3 Nc6 3. Bc4 Bc5 4. d3 d6 5. Be3 Bb6 6. h3 h6 7. a3 Nf6 8. Bxb6 axb6 9. Nc3 O-O 10. Qd2 Be6 11. Nd5 Bxd5 12. Bxd5 Nxd5 13. exd5 Ne7 14. c4 b5 15. O-O c6 16. dxc6 bxc4 17. cxb7 Rb8 18. dxc4 Rxb7 19. Rfd1 f6 20. b4 d5 21. cxd5 Rd7 22. d6 Nf5 23. Qd5+ Kh8 24. Qe4 Nxd6 25. Qg6 Qe7 26. Nh4 f5 27. Qg3 Ne4 28. Ng6+ Kh7 29. Rxd7 Nxg3 30. Rxe7 Ne2+ 31. Kf1 Kxg6 32. Kxe2 1-0

[Event "Vienna Championship-C 2022"]
[Site "Vienna"]
[Date "2022.09.17"]
[Round "1.11"]
[White "Twyble, Michael S"]
[Black "Roehrbacher, Franz"]
[Result "0-1"]
[ECO "A23"]
[WhiteElo "2245"]
[BlackElo "1673"]
[Annotator "TA"]
[PlyCount "72"]
[EventDate "2022.09.17"]
[EventType "swiss"]
[EventCountry "AUT"]
[SourceTitle "playchess.com"]
[Source "ChessBase"]
[SourceQuality "1"]
[TimeControl "5400+30"]

1. c4 e5 2. Nc3 Nf6 3. g3 c6 4. Bg2 Bb4 5. e3 Bxc3 6. bxc3 {[%emt 0:00:12] A23: English Opening: 1...e5 2 Nc3 Nf6 3 g3 c6.} O-O 7. Ba3 {[%emt 0:00:41] [#]} Re8 $146 ({Predecessor:} 7... d6 8. Ne2 Re8 9. O-O e4 10. Nd4 c5 11. Ne2 Nc6 12. d4 b6 13. Nf4 Na5 14. Qa4 {0-1 (26) Harneit Sequeira,C-Hoenl,F freechess.de 2021}) 8. Ne2 {[%emt 0:03:10] The position is equal.} d5 9. cxd5 cxd5 10. d4 e4 11. Nf4 (11. O-O $15) 11... Nc6 (11... Bg4 $17 12. Qa4 (12. Qb3 Nc6 $15) 12... Nc6) 12. O-O (12. h3 $15) 12... Na5 13. Bb4 {[%emt 0:04:16] [#]} Nc4 $1 {[%emt 0:00:10] And now ...a5 would win. Pair of Knights!} 14. Qc2 $2 (14. a4 $17) 14... a5 $19 15. Qa4 Bd7 ({Worse is} 15... axb4 16. Qxa8 bxc3 17. Ne2 $11) 16. Qc2 axb4 17. cxb4 Ba4 18. Qe2 Bc6 19. Rfc1 b5 20. h4 Bd7 21. Bf1 h6 22. Qd1 Bg4 23. Be2 Bxe2 24. Qxe2 Qd6 25. Rab1 Ra4 26. Nh5 Nxh5 27. Qxh5 Rxa2 28. Qg4 Qf6 29. Qf4 Qxf4 30. gxf4 h5 31. Rd1 Re6 {[%emt 0:00:39] [#] Threatens to win with ...Rg6+.} 32. Kf1 Nd2+ {[%emt 0:01:33] Black mates.} 33. Ke1 Nxb1 34. Rxb1 Rg6 35. Kf1 Rga6 36. Kg2 Rc2 {[%emt 0:00:15] White got outplayed after the opening.  Weighted Error Value: White=0.66/Black=0.09 (flawless)} (36... Rc6 $142 37. Rf1 Rb2 38. Kg3 Rxb4 39. f5 Rf6 40. Kf4 g6 41. Ke5 Rxf5+ 42. Kd6 Rb2 43. Rh1 Rbxf2 44. Rb1 R2f3 45. Rb3 Rh3 46. Ke7 Rxh4 47. Rb1 Rh2 48. Rg1 h4 49. Kd6 h3 50. Kc6 Re2 51. Kc5 h2 52. Rh1 Rh5 53. Kd6 Rxe3 54. Ke7 Rg3 55. Rc1 h1=Q 56. Rc7 e3 57. Kd6 e2 58. Rc8+ Kg7 59. Kc7 Rc3+ 60. Kb7 Rxc8 61. Kxc8 e1=Q 62. Kb7 Qe7+ 63. Kb6 Qa1 64. Kxb5 Qb1+ 65. Kc6 Qbb7#) 0-1

[Event "Vienna Championship-C 2022"]
[Site "Vienna"]
[Date "2022.09.17"]
[Round "1.13"]
[White "Nicolussi, Hieronymus"]
[Black "Gaspar, Zdravko"]
[Result "1-0"]
[ECO "D00"]
[WhiteElo "1239"]
[BlackElo "1538"]
[Annotator "NA COMBH"]
[PlyCount "69"]
[EventDate "2022.09.17"]
[EventType "swiss"]
[EventCountry "AUT"]
[SourceTitle "playchess.com"]
[Source "ChessBase"]
[SourceQuality "1"]
[TimeControl "5400+30"]

1. d4 d5 2. e3 c6 3. Bd3 Nf6 4. Nd2 Bg4 5. f3 Bh5 6. h3 Nbd7 7. g4 Bg6 8. f4 Bxd3 9. cxd3 Qc7 10. Ngf3 e6 11. O-O O-O-O 12. Ne5 Nb6 13. a4 Ng8 14. a5 Na8 15. Nb3 a6 16. Nc5 Bxc5 17. dxc5 f6 18. Nf3 e5 19. b4 e4 20. dxe4 h5 21. exd5 Rxd5 22. Nd4 g5 23. Kg2 Ne7 24. e4 Rd7 25. fxg5 hxg4 26. Bf4 gxh3+ 27. Kh2 Qd8 28. Qg4 fxg5 29. Bd6 Nc7 30. Ra3 Kb8 31. Rxh3 Rxh3+ 32. Qxh3 Ng6 33. Ne6 Nf4 34. Bxc7+ Rxc7 35. Nxd8 1-0

[Event "Vienna Championship-C 2022"]
[Site "Vienna"]
[Date "2022.09.18"]
[Round "2.1"]
[White "Roehrbacher, Franz"]
[Black "Geyer, Guenter"]
[Result "1/2-1/2"]
[ECO "B00"]
[WhiteElo "1673"]
[BlackElo "1855"]
[Annotator "NA COMBH"]
[PlyCount "101"]
[EventDate "2022.09.17"]
[EventType "swiss"]
[EventCountry "AUT"]
[SourceTitle "playchess.com"]
[Source "ChessBase"]
[SourceQuality "1"]
[TimeControl "5400+30"]

1. e4 Nc6 2. Nf3 g6 3. Bb5 Bg7 4. Bxc6 bxc6 5. O-O e6 6. d4 Ne7 7. Nbd2 O-O 8. Nb3 d6 9. Na5 Bd7 10. Rb1 Qb8 11. Bd2 Qb6 12. Nc4 Qb5 13. b3 Qh5 14. e5 d5 15. Nb2 Nf5 16. Nd3 Nh4 17. Nxh4 Qxh4 18. Bb4 Rfb8 19. f4 Bc8 20. Be1 Qe7 21. Nc5 a5 22. a4 Bf8 23. Rf3 Qd8 24. Rh3 Bxc5 25. dxc5 Qf8 26. Bh4 Qxc5+ 27. Kh1 Rb4 28. c4 Ba6 29. Qe1 dxc4 30. Bf6 h5 31. Rxh5 gxh5 32. Qg3+ Kf8 33. Qg7+ Ke8 34. Qg8+ Kd7 35. Qxf7+ Kc8 36. Be7 Qb6 37. Qxe6+ Kb7 38. Bxb4 Qxb4 39. Rc1 Qxb3 40. Qd7 Qxa4 41. Rb1+ Bb5 42. e6 Qc2 43. Rd1 Rg8 44. Rg1 Qd3 45. Qf7 Qg6 46. Qd7 Qe8 47. Qh7 Rf8 48. Qe4 c3 49. f5 a4 50. Rb1 Ka6 51. Rc1 1/2-1/2

[Event "Vienna Championship-C 2022"]
[Site "Vienna"]
[Date "2022.09.18"]
[Round "2.2"]
[White "Giefing, Josef"]
[Black "Bendl, Felix"]
[Result "0-1"]
[ECO "A48"]
[WhiteElo "1771"]
[BlackElo "1645"]
[Annotator "NA COMBH"]
[PlyCount "102"]
[EventDate "2022.09.17"]
[EventType "swiss"]
[EventCountry "AUT"]
[SourceTitle "playchess.com"]
[Source "ChessBase"]
[SourceQuality "1"]
[TimeControl "5400+30"]

1. d4 Nf6 2. Nf3 g6 3. Bf4 Bg7 4. e3 O-O 5. h3 d6 6. Nc3 Nbd7 7. Be2 Nb6 8. O-O Bd7 9. Bh2 Re8 10. Bb5 Bxb5 11. Nxb5 Qd7 12. Nc3 Rac8 13. a4 a5 14. Qd3 c5 15. Qb5 Qxb5 16. axb5 cxd4 17. exd4 Nc4 18. Na4 Ne4 19. Rfd1 d5 20. c3 e6 21. Rd3 Ra8 22. Ne5 Bxe5 23. dxe5 Reb8 24. Bf4 g5 25. Bh2 b6 26. b3 Ncd2 27. Ra3 Nb1 28. Ra2 Rb7 29. c4 dxc4 30. bxc4 Rc8 31. f3 Ned2 32. Raxd2 Nxd2 33. Rxd2 Rxc4 34. Nb2 Rc1+ 35. Kf2 Rbc7 36. Ke2 R1c2 37. Bg1 Rxd2+ 38. Kxd2 Rd7+ 39. Nd3 Rd5 40. Bxb6 Rxb5 41. Bc7 a4 42. Bd6 Rb3 43. Kc2 h5 44. Nc5 Re3 45. Kd2 Ra3 46. Ne4 Ra2+ 47. Ke3 Rxg2 48. Nc3 Rg3 49. Kf2 Rxh3 50. Kg2 g4 51. fxg4 Rxc3 0-1

[Event "Vienna Championship-C 2022"]
[Site "Vienna"]
[Date "2022.09.18"]
[Round "2.3"]
[White "Gerold, Arnold"]
[Black "Johnson, Roland E S"]
[Result "1/2-1/2"]
[ECO "C56"]
[WhiteElo "1708"]
[BlackElo "1691"]
[Annotator "NA COMBH"]
[PlyCount "50"]
[EventDate "2022.09.17"]
[EventType "swiss"]
[EventCountry "AUT"]
[SourceTitle "playchess.com"]
[Source "ChessBase"]
[SourceQuality "1"]
[TimeControl "5400+30"]

1. e4 e5 2. Nf3 Nf6 3. Bc4 Nc6 4. d4 exd4 5. e5 Ng4 6. Bf4 d6 7. exd6 Bxd6 8. Bxd6 Qxd6 9. O-O O-O 10. h3 Nge5 11. Nxe5 Nxe5 12. Bb3 c5 13. f4 Nc6 14. Nd2 b6 15. Nc4 Qc7 16. Qd2 Ba6 17. c3 dxc3 18. Qxc3 b5 19. Ne5 Nxe5 20. Qxe5 Qxe5 21. fxe5 c4 22. Bc2 Rfe8 23. Rfe1 Rad8 24. Re2 g6 25. Kf2 Re6 1/2-1/2

[Event "Vienna Championship-C 2022"]
[Site "Vienna"]
[Date "2022.09.18"]
[Round "2.5"]
[White "Brueggeboes, Anton"]
[Black "Nicolussi, Hieronymus"]
[Result "1-0"]
[ECO "C06"]
[WhiteElo "1506"]
[BlackElo "1239"]
[Annotator "NA COMBH"]
[PlyCount "89"]
[EventDate "2022.09.17"]
[EventType "swiss"]
[EventCountry "AUT"]
[SourceTitle "playchess.com"]
[Source "ChessBase"]
[SourceQuality "1"]
[TimeControl "5400+30"]

1. e4 e6 2. d4 d5 3. Nd2 Nf6 4. e5 Nfd7 5. Bd3 c5 6. c3 Nc6 7. Ne2 Qb6 8. Nf3 f6 9. Nf4 fxe5 10. dxe5 Ndxe5 11. Nxe5 Nxe5 12. Qh5+ Nf7 13. O-O g6 14. Qe2 c4 15. Bc2 Qc6 16. Re1 e5 17. Rd1 Be6 18. Nxe6 Qxe6 19. Ba4+ Kd8 20. Qxc4 Bd6 21. Qxd5 Qxd5 22. Rxd5 Kc7 23. Be3 Rad8 24. Rad1 a6 25. c4 b6 26. a3 Rhf8 27. b4 Kb7 28. c5 b5 29. Bb3 Bc7 30. Rxd8 Rxd8 31. Rxd8 Nxd8 32. Bg8 h5 33. Bh7 Ne6 34. Bxg6 h4 35. g3 hxg3 36. hxg3 Nd4 37. Kg2 Kc6 38. Be4+ Kd7 39. g4 Ke6 40. Kh3 Bd8 41. g5 Nf5 42. Bxf5+ Kxf5 43. Kh4 Kg6 44. Kg4 e4 45. Bf4 1-0

[Event "Vienna Championship-C 2022"]
[Site "Vienna"]
[Date "2022.09.18"]
[Round "2.8"]
[White "Ruck, Helmut"]
[Black "Eichhorn, Elisabeth"]
[Result "1-0"]
[ECO "A48"]
[WhiteElo "1662"]
[BlackElo "1306"]
[Annotator "NA COMBH"]
[PlyCount "85"]
[EventDate "2022.09.17"]
[EventType "swiss"]
[EventCountry "AUT"]
[SourceTitle "playchess.com"]
[Source "ChessBase"]
[SourceQuality "1"]
[TimeControl "5400+30"]

1. d4 Nf6 2. Nf3 g6 3. b3 Bg7 4. Bb2 O-O 5. e3 d6 6. Be2 Nbd7 7. O-O Re8 8. c4 c5 9. Nbd2 e5 10. dxe5 dxe5 11. e4 Nh5 12. Re1 Nf4 13. Nf1 Nxe2+ 14. Qxe2 Qc7 15. Ne3 Nb6 16. Rad1 Bd7 17. Rd2 Rad8 18. Red1 h6 19. h3 Rf8 20. Bc3 Be6 21. Rxd8 Rxd8 22. Rxd8+ Qxd8 23. Bxe5 f6 24. Bc3 Qe8 25. Qb2 Qf7 26. Nd5 Nxd5 27. exd5 Bd7 28. Qd2 Bf8 29. Qf4 Bg7 30. Qb8+ Be8 31. Qxa7 Bf8 32. Qb6 Qe7 33. Qxf6 Qxf6 34. Bxf6 Kf7 35. Bc3 Ke7 36. Kf1 Bd7 37. Ke2 Bf5 38. b4 b6 39. bxc5 bxc5 40. Nd2 Kd6 41. f3 g5 42. Ne4+ Kd7 43. Ke3 1-0

[Event "Vienna Championship-C 2022"]
[Site "Vienna"]
[Date "2022.09.18"]
[Round "2.11"]
[White "Pavlov, Julian"]
[Black "Gockner, Hans"]
[Result "1/2-1/2"]
[ECO "B01"]
[WhiteElo "1306"]
[BlackElo "1592"]
[Annotator "NA COMBH"]
[PlyCount "37"]
[EventDate "2022.09.17"]
[EventType "swiss"]
[EventCountry "AUT"]
[SourceTitle "playchess.com"]
[Source "ChessBase"]
[SourceQuality "1"]
[TimeControl "5400+30"]

1. e4 d5 2. exd5 Qxd5 3. Nc3 Qd8 4. d4 e6 5. Nf3 Nf6 6. Bf4 Bb4 7. Bc4 O-O 8. O-O Bxc3 9. bxc3 Nc6 10. Ne5 Nd5 11. Bxd5 exd5 12. Nxc6 bxc6 13. Re1 Be6 14. Qf3 Qd7 15. Qg3 Rac8 16. h3 Bf5 17. Rac1 Bg6 18. Be5 f6 19. Bf4 1/2-1/2

[Event "Vienna Championship-C 2022"]
[Site "Vienna"]
[Date "2022.09.18"]
[Round "2.12"]
[White "Aichinger, Johannes"]
[Black "Unger, Alexander"]
[Result "0-1"]
[ECO "B80"]
[WhiteElo "1169"]
[BlackElo "1456"]
[Annotator "NA COMBH"]
[PlyCount "88"]
[EventDate "2022.09.17"]
[EventType "swiss"]
[EventCountry "AUT"]
[SourceTitle "playchess.com"]
[Source "ChessBase"]
[SourceQuality "1"]
[TimeControl "5400+30"]

1. e4 c5 2. Nf3 d6 3. d4 cxd4 4. Nxd4 Nf6 5. Nc3 a6 6. f3 e6 7. Be3 Be7 8. Bd3 Nbd7 9. Qd2 Qc7 10. a4 h5 11. Ke2 Nb6 12. Rag1 Nc4 13. Bxc4 Qxc4+ 14. Qd3 Qxd3+ 15. cxd3 Bd7 16. b3 Rd8 17. h3 Bc8 18. g4 hxg4 19. hxg4 Kd7 20. g5 Nh5 21. Kf2 g6 22. f4 Kc7 23. Rc1 Kb8 24. b4 e5 25. fxe5 dxe5 26. Nd5 exd4 27. Bxd4 Bxg5 28. Be5+ Ka7 29. b5 a5 30. b6+ Ka6 31. Nc7+ Kxb6 32. Na8+ Ka7 33. Rc5 b6 34. Rc7+ Kxa8 35. Rb1 Bf6 36. Bh2 Bd4+ 37. Ke2 Rd7 38. Rc4 Ba6 39. Rc6 Rc8 40. Rbxb6 Bxb6 41. Rxb6 Bxd3+ 42. Ke3 Rc3 43. Rb8+ Ka7 44. Be5 Bc2+ 0-1

[Event "Vienna Championship-C 2022"]
[Site "Vienna"]
[Date "2022.09.18"]
[Round "2.13"]
[White "Niesswohl, Werner"]
[Black "Twyble, Michael S"]
[Result "0-1"]
[ECO "A52"]
[WhiteElo "1473"]
[BlackElo "2245"]
[Annotator "ChessBase"]
[PlyCount "120"]
[EventDate "2022.09.17"]
[EventType "swiss"]
[EventCountry "AUT"]
[SourceTitle "playchess.com"]
[Source "ChessBase"]
[SourceQuality "1"]
[TimeControl "5400+30"]

1. d4 Nf6 2. c4 e5 3. dxe5 Ng4 4. Nf3 Bc5 5. e3 Nc6 6. Be2 O-O 7. h3 Ngxe5 8. O-O Re8 9. Nc3 d6 10. a3 a5 11. Na4 Nd7 12. Bd3 Nce5 13. Nxe5 Nxe5 14. Nxc5 dxc5 15. Be2 Be6 16. Qxd8 Raxd8 17. b3 a4 18. f4 Nd3 19. Bxd3 Rxd3 20. f5 Bd7 21. b4 cxb4 22. axb4 Re4 23. Rf4 Rxf4 24. exf4 Rc3 25. Bb2 Rd3 26. b5 f6 27. Rxa4 Rd1+ 28. Kh2 Bxf5 29. c5 Rd2 30. Bc3 Rc2 31. Rc4 Bd3 32. Rd4 Rxc3 33. c6 bxc6 34. bxc6 Bb5 35. Rd8+ Kf7 36. Rd7+ Kg6 37. Rxc7 Rxc6 38. Re7 Rc2 39. Kg1 Bc6 40. g4 Rc1+ 41. Kf2 Rh1 42. Kg3 Rg1+ 43. Kf2 Rg2+ 44. Kf1 Rh2 45. Re6 Bb5+ 46. Kg1 Rxh3 47. g5 Kf5 48. Kg2 Kxe6 49. Kxh3 Kf5 50. gxf6 gxf6 51. Kg3 h5 52. Kh4 Kxf4 53. Kxh5 f5 54. Kh4 Kf3 55. Kh3 f4 56. Kh2 Kf2 57. Kh3 f3 58. Kh2 Ke2 59. Kg1 f2+ 60. Kh2 f1=Q 0-1

[Event "Vienna Championship-C 2022"]
[Site "Vienna"]
[Date "2022.09.19"]
[Round "3.1"]
[White "Brunner, Felix"]
[Black "Lappe, Manfred"]
[Result "0-1"]
[ECO "C54"]
[WhiteElo "1541"]
[BlackElo "1692"]
[Annotator "NA COMBH"]
[PlyCount "70"]
[EventDate "2022.09.17"]
[EventType "swiss"]
[EventCountry "AUT"]
[SourceTitle "playchess.com"]
[Source "ChessBase"]
[SourceQuality "1"]
[TimeControl "5400+30"]

1. e4 e5 2. Nf3 Nc6 3. Bc4 Bc5 4. c3 Nf6 5. d3 O-O 6. O-O d6 7. Re1 Be6 8. Bb5 Ng4 9. Re2 f5 10. d4 fxe4 11. Rxe4 Bf5 12. Rxg4 Bxg4 13. dxc5 e4 14. Qd5+ Kh8 15. Qxe4 Bxf3 16. gxf3 Re8 17. Qf4 Re1+ 18. Kg2 Qe8 19. Bd2 Re6 20. Bd3 Ne5 21. Bc2 Ng6 22. Bxg6 Rxg6+ 23. Kh1 Qb5 24. Na3 Qxb2 25. Re1 Qxa3 26. Qe4 Rf6 27. Qxb7 Raf8 28. Qxc7 dxc5 29. Bg5 Qxc3 30. Qe7 Qxf3+ 31. Kg1 Qxf2+ 32. Kh1 Qf3+ 33. Kg1 Qg4+ 34. Kh1 Rf1+ 35. Rxf1 Rxf1# 0-1

[Event "Vienna Championship-C 2022"]
[Site "Vienna"]
[Date "2022.09.19"]
[Round "3.2"]
[White "Bendl, Felix"]
[Black "Brueggeboes, Anton"]
[Result "0-1"]
[ECO "B20"]
[WhiteElo "1645"]
[BlackElo "1506"]
[Annotator "NA COMBH"]
[PlyCount "48"]
[EventDate "2022.09.17"]
[EventType "swiss"]
[EventCountry "AUT"]
[SourceTitle "playchess.com"]
[Source "ChessBase"]
[SourceQuality "1"]
[TimeControl "5400+30"]

1. e4 c5 2. b3 e5 3. Bb2 d6 4. Bb5+ Bd7 5. Bxd7+ Qxd7 6. d3 g6 7. Nf3 Bg7 8. O-O Ne7 9. Re1 O-O 10. Nc3 Nbc6 11. Ne2 f5 12. exf5 gxf5 13. Ng3 Qe8 14. Nd2 Rd8 15. Qc1 Nd5 16. Nf3 f4 17. Ne4 Qg6 18. Qd1 Nd4 19. Nxd4 cxd4 20. Ba3 f3 21. g3 Nf4 22. Kh1 Ne2 23. Nd2 Qh5 24. Nf1 Qh3 0-1

[Event "Vienna Championship-C 2022"]
[Site "Vienna"]
[Date "2022.09.19"]
[Round "3.3"]
[White "Gerold, Arnold"]
[Black "Roehrbacher, Franz"]
[Result "1-0"]
[ECO "C50"]
[WhiteElo "1708"]
[BlackElo "1673"]
[Annotator "NA COMBH"]
[PlyCount "97"]
[EventDate "2022.09.17"]
[EventType "swiss"]
[EventCountry "AUT"]
[SourceTitle "playchess.com"]
[Source "ChessBase"]
[SourceQuality "1"]
[TimeControl "5400+30"]

1. e4 e5 2. Nf3 Nc6 3. Bc4 Bc5 4. O-O Nf6 5. d4 Bxd4 6. Nxd4 Nxd4 7. f4 d6 8. fxe5 dxe5 9. Bg5 Be6 10. Na3 h6 11. Bxf6 gxf6 12. c3 Bxc4 13. Nxc4 Ne6 14. Qxd8+ Nxd8 15. Rxf6 Nc6 16. Raf1 Rh7 17. Ne3 Rd8 18. Nd5 Kf8 19. Nxc7 Rd2 20. R6f2 Rxf2 21. Rxf2 Ke7 22. Nd5+ Kf8 23. Nf6 Rg7 24. Nd7+ Ke7 25. Nf6 Rg6 26. Nd5+ Ke6 27. h3 Ne7 28. Nc7+ Kd7 29. Rxf7 Kd8 30. Nd5 Nxd5 31. exd5 Rd6 32. Rxb7 Rxd5 33. Rxa7 Rd1+ 34. Kh2 e4 35. Ra4 e3 36. Re4 Re1 37. Kg3 Re2 38. b4 Rxa2 39. Rxe3 Rc2 40. Kh4 Rxg2 41. Kh5 Kd7 42. Kxh6 Kd6 43. h4 Kd5 44. Re8 Kc4 45. Rc8+ Kb5 46. h5 Rg4 47. Rc5+ Kb6 48. Rg5 Rc4 49. Rg3 1-0

[Event "Vienna Championship-C 2022"]
[Site "Vienna"]
[Date "2022.09.19"]
[Round "3.5"]
[White "Unger, Alexander"]
[Black "Ruck, Helmut"]
[Result "1-0"]
[ECO "B02"]
[WhiteElo "1456"]
[BlackElo "1662"]
[Annotator "NA COMBH"]
[PlyCount "75"]
[EventDate "2022.09.17"]
[EventType "swiss"]
[EventCountry "AUT"]
[SourceTitle "playchess.com"]
[Source "ChessBase"]
[SourceQuality "1"]
[TimeControl "5400+30"]

1. e4 Nf6 2. Nc3 d5 3. exd5 Nxd5 4. Bc4 Nb6 5. Bb3 Nc6 6. Qf3 e6 7. Nge2 Be7 8. O-O Na5 9. d3 Nxb3 10. axb3 c6 11. Qg3 g6 12. Bf4 Nd5 13. Nxd5 Qxd5 14. Nc3 Qd8 15. Na4 Bd7 16. Bc7 Qc8 17. Bb6 O-O 18. Nc5 Bd8 19. Nxd7 Qxd7 20. Bxa7 b6 21. Bb8 Rxa1 22. Rxa1 Bf6 23. Be5 Be7 24. h3 Qd5 25. Bc3 Bd6 26. Qh4 Be5 27. Qc4 Qd6 28. d4 Bg7 29. Bb4 c5 30. dxc5 Qc6 31. cxb6 Qxc4 32. bxc4 Rc8 33. b7 Rb8 34. Ra8 Be5 35. c5 f5 36. c6 Kf7 37. Rxb8 Bxb8 38. Ba5 1-0